Map: Dusk Towers

Players

어쿠스틱

  • Race: Terran Terran
  • League: Master

lllllllll (Probe) - Winner!

  • Race: Protoss Protoss
  • League: Master

VOD

Have the link to the VOD?

Description

Time

  • Played on: Feb. 21, 2016, 12:44 a.m.
  • Length: 10:59
Show
View Real Time Build Order
Export as new Build Order

어쿠스틱 Terran 

Build Orders: Reaper Expand, MMM Bio 

Get SALT Encoding   

  12  0:01  SCV  
  13  0:13  SCV  
  14  0:17  Supply Depot  
  14  0:25  SCV  
  15  0:39  SCV  
  15  0:40  Barracks  
  16  0:46  Refinery  
  16  0:51  SCV  
  17  1:03  SCV  
  18  1:15  SCV  
  19  1:27  Orbital Command  
  19  1:29  Reaper  
  20  1:41  Command Center  
  20  1:50  Supply Depot  
  20  1:54  SCV  
  21  2:03  Barracks Reactor  
  21  2:06  SCV  
  22  2:18  SCV  
  23  2:24  Factory  
  23  2:30  SCV  
  24  2:42  Marine, SCV  
  24  2:43  Marine  
  27  2:49  Command Center  
  27  2:55  Orbital Command  
  27  3:01  Marine x2  
  29  3:10  Widow Mine  
  29  3:12  Barracks  
  31  3:13  SCV  
  31  3:18  Engineering Bay  
  32  3:22  Marine  
  32  3:24  Marine  
  34  3:28  SCV  
  34  3:30  SCV  
  36  3:36  Refinery  
  36  3:40  SCV, Factory Tech Lab  
  36  3:43  SCV  
  36  3:44  Marine x2  
  39  3:52  SCV, Barracks  
  40  3:59  SCV  
  41  4:03  Siege Tank  
  41  4:04  Orbital Command, Barracks Tech Lab  
  41  4:09  SCV  
  45  4:10  Refinery  
  45  4:11  SCV  
  45  4:14  Terran Infantry Weapons Level 1  
  46  4:22  SCV  
  46  4:23  Missile Turret  
  47  4:25  SCV  
  47  4:26  Missile Turret  
  47  4:30  Stimpack  
  48  4:32  Marine  
  48  4:34  Marine, SCV  
  51  4:41  Marine x2  
  51  4:43  SCV  
  54  4:48  SCV, Supply Depot  
  54  4:50  Marine  
  56  4:54  Siege Tank  
  56  4:55  SCV  
  60  5:00  SCV  
  60  5:06  Starport  
  61  5:08  Barracks Reactor  
  61  5:09  Marine x2  
  61  5:12  Refinery  
  63  5:14  Supply Depot  
  63  5:16  SCV  
  63  5:17  Marine  
  65  5:22  SCV x2  
  68  5:28  SCV  
  68  5:29  Barracks  
  68  5:34  SCV  
  68  5:35  SCV  
  69  5:40  SCV  
  69  5:41  Siege Tank  
  73  5:46  Marine x3  
  73  5:48  Starport Reactor  
  76  5:52  Armory  
  76  5:54  Orbital Command  
  76  5:57  Engineering Bay  
  76  6:00  SCV  
  77  6:10  Missile Turret  
  77  6:14  Supply Depot  
  77  6:15  Terran Infantry Armor Level 1  
  77  6:19  Barracks Tech Lab  
  77  6:22  Marine  
  77  6:26  Barracks  
  77  6:34  Sensor Tower  
  77  6:35  Medivac, SCV x3  
  77  6:36  Marauder  
  84  6:43  Terran Infantry Weapons Level 2  
  84  6:46  Supply Depot x2  
  84  6:47  Factory Reactor, Supply Depot  
  84  6:48  SCV  
  84  6:54  Combat Shields  
  85  7:01  Barracks  
  85  7:04  Barracks  
  85  7:05  Refinery  
  85  7:07  Marine, Medivac, SCV x3  
  91  7:11  Supply Depot  
  91  7:12  Missile Turret  
  91  7:19  SCV x2  
  91  7:20  Supply Depot  
  93  7:23  Supply Depot  
  93  7:26  Widow Mine  
  93  7:27  Widow Mine  
  97  7:32  Missile Turret  
  97  7:35  SCV x2, Missile Turret  
  99  7:38  SCV, Missile Turret  
  99  7:42  Supply Depot  
  100  7:44  Marine x2  
  100  7:47  Medivac, SCV  
  100  7:48  SCV, Medivac  
  108  7:52  Barracks Reactor, Barracks Tech Lab  
  108  7:56  SCV  
  101  8:00  SCV  
  93  8:09  SCV x2  
  93  8:12  SCV  
  76  8:20  Marine x3, Marauder  
  76  8:21  SCV x2  
  76  8:24  SCV  
  84  8:27  Terran Infantry Armor Level 2  
  84  8:33  SCV x2  
  84  8:34  Widow Mine x2  
  86  8:35  Medivac x2  
  86  8:36  SCV  
  95  8:44  Marine x4  
  95  8:45  SCV, Marauder  
  95  8:46  SCV, Missile Turret  
  103  8:49  SCV  
  103  8:51  Marine x2  
  106  8:58  SCV x2  
  106  9:01  SCV  
  109  9:06  Missile Turret  
  109  9:10  SCV x2  
  109  9:14  SCV, Refinery  
  109  9:16  Marine, Marauder  
  115  9:17  Starport  
  115  9:18  Barracks  
  115  9:22  SCV  
  116  9:25  SCV  
  116  9:26  SCV  
  118  9:34  SCV  
  118  9:35  Ghost Academy  
  119  9:39  SCV x2  
  119  9:43  Marine  
  119  9:44  Marine x2, Marauder x2  
  123  9:51  Marine x4, Marauder  
  117  10:01  Marine  
  111  10:09  SCV x3  
  114  10:24  Barracks Tech Lab  
  114  10:26  Marine x2, Marauder x2  
  120  10:32  Marine, Marauder  
  123  10:42  SCV x3  
Show
View Real Time Build Order
Export as new Build Order

lllllllll Protoss - Winner!

Build Orders: 1 Gate Expand, Double Forge, Blink Stalkers 

Get SALT Encoding   

  12  0:01  Probe (Chrono Boost)  
  13  0:11  Probe (Chrono Boost)  
  14  0:18  Pylon  
  14  0:22  Probe (Chrono Boost)  
  15  0:36  Probe (Chrono Boost)  
  15  0:37  Gateway  
  16  0:47  Probe (Chrono Boost), Assimilator  
  17  0:57  Probe (Chrono Boost)  
  18  1:08  Probe (Chrono Boost)  
  19  1:18  Nexus  
  19  1:22  Probe (Chrono Boost)  
  20  1:30  Cybernetics Core  
  20  1:34  Probe (Chrono Boost)  
  21  1:40  Assimilator  
  21  1:44  Probe (Chrono Boost)  
  22  1:50  Pylon  
  22  1:55  Probe (Chrono Boost)  
  25  2:08  Mothership Core (Chrono Boost)  
  25  2:15  Stalker  
  27  2:25  Warp Gate  
  27  2:27  Probe (Chrono Boost)  
  28  2:32  Probe (Chrono Boost)  
  29  2:37  Probe (Chrono Boost)  
  29  2:42  Probe (Chrono Boost)  
  31  2:45  Stalker  
  31  2:48  Probe (Chrono Boost)  
  34  2:53  Probe (Chrono Boost)  
  34  2:55  Twilight Council  
  36  2:58  Probe (Chrono Boost)  
  36  3:03  Probe (Chrono Boost)  
  36  3:09  Probe (Chrono Boost)  
  37  3:13  Gateway x2  
  37  3:14  Probe (Chrono Boost)  
  37  3:19  Probe (Chrono Boost)  
  39  3:24  Probe (Chrono Boost), Blink (Chrono Boost)  
  40  3:30  Probe (Chrono Boost)  
  41  3:34  Probe  
  42  3:41  Robotics Facility  
  42  3:42  Pylon  
  42  3:43  Probe  
  42  3:44  Probe  
  44  3:48  Pylon  
  44  3:55  Probe x2  
  45  3:58  Assimilator  
  45  3:59  Assimilator  
  46  4:05  Probe  
  46  4:07  Probe  
  48  4:16  Probe  
  48  4:19  Probe  
  50  4:27  Forge  
  50  4:28  Forge, Probe, Observer (Chrono Boost)  
  50  4:30  Stalker x3  
  58  4:31  Probe  
  59  4:39  Pylon  
  59  4:42  Pylon  
  59  4:47  Observer (Chrono Boost)  
  59  4:49  Pylon  
  60  4:56  Stalker, Pylon  
  60  4:57  Stalker  
  60  4:59  Stalker  
  66  5:03  Protoss Ground Armor Level 1 (Chrono Boost)  
  66  5:06  Observer (Chrono Boost)  
  67  5:07  Resonating Glaives  
  67  5:09  Protoss Ground Weapons Level 1 (Chrono Boost)  
  67  5:24  Warp Prism (Chrono Boost)  
  69  5:41  Nexus  
  69  5:45  Pylon  
  69  5:55  Probe x2  
  71  5:58  Immortal (Chrono Boost)  
  71  6:00  Sentry  
  71  6:01  Sentry x2  
  81  6:07  Probe  
  81  6:08  Probe  
  83  6:11  Gateway  
  83  6:13  Gateway  
  83  6:19  Gateway  
  83  6:20  Probe x2  
  83  6:21  Gateway  
  83  6:22  Pylon  
  85  6:32  Probe x2, Adept x3  
  92  6:41  Immortal (Chrono Boost)  
  92  6:44  Probe x2  
  98  6:55  Probe  
  98  6:56  Probe x2  
  101  7:01  Adept  
  101  7:06  Protoss Ground Armor Level 2 (Chrono Boost), Protoss Ground Weapons Level 2 (Chrono Boost)  
  101  7:07  Probe  
  101  7:08  Probe x2  
  106  7:12  Immortal  
  106  7:17  Assimilator  
  106  7:19  Probe  
  106  7:20  Probe x2, Assimilator  
  113  7:26  Pylon  
  113  7:28  Photon Cannon  
  113  7:34  Probe x2  
  115  7:43  Probe  
  116  7:45  Nexus  
  116  7:46  Probe  
  117  7:54  Adept x7  
  121  8:14  Stalker  
  121  8:15  Stalker x6  
  121  8:18  Robotics Bay  
  123  8:21  Pylon  
  123  8:27  Immortal  
  127  8:42  Stalker  
  127  8:43  Stalker x6  
  141  8:50  Pylon  
  141  8:58  Colossus  
  141  9:01  Probe x2  
  145  9:02  Pylon  
  145  9:05  Pylon  
  149  9:10  Pylon, Adept x2  
  149  9:28  Adept  
  149  9:29  Adept x4  
  159  9:34  Adept x2  
  163  9:45  Colossus  
  163  9:49  Adept, Assimilator x2  
  163  9:51  Adept  
  173  9:52  Adept  
  173  9:53  Adept  
  165  10:17  Templar Archives  
  165  10:18  Dark Shrine  
  165  10:20  Adept x6  
  177  10:22  Nexus  
  177  10:24  Pylon  
  177  10:26  Adept  
  179  10:29  Probe  
  179  10:30  Probe x3  
  183  10:39  Probe  
  183  10:42  Probe x2  
  192  10:44  Pylon  
  192  10:46  Pylon  
Tags
 
Add a new tag
Caveats
  • Supply blocks, unpowered buildings, or Contaminate may cause inaccurate times.
  • Supply counts are checked every 10 seconds.